 Dungeon Crawl Stone Soup version 0.21-a0-404-g291f19a (webtiles) character file.

66 tof the Twirler (level 3, 0/30 HPs)
             Began as a Minotaur Gladiator on Oct 28, 2017.
             Succumbed to an adder's poison
             ... on level 1 of the Dungeon.
             The game lasted 00:01:09 (1094 turns).

tof the Twirler (Minotaur Gladiator)                Turns: 1094, Time: 00:01:10

Health: 0/30       AC:  3    Str: 18    XL:     3   Next: 96%
Magic:  2/2        EV: 13    Int:  5    God:
Gold:   25         SH:  0    Dex: 12    Spells: 2/2 levels left

rFire    . . .     SeeInvis .   a - +0 quarterstaff
rCold    . . .     Gourm    .   (shield currently unavailable)
rNeg     . . .     Faith    .   b - +0 leather armour
rPois    .         Spirit   .   c - +0 hat
rElec    .         Reflect  .   (no cloak)
rCorr    .         Harm     .   (no gloves)
MR       .....                  (no boots)
Stlth    +.........             (no amulet)
HPRegen  0.10/turn              (no ring)
MPRegen  0.08/turn              (no ring)

@: lethally poisoned (0 -> -4), invisible
A: retaliatory headbutt, horns 2
a: no special abilities


You were on level 1 of the Dungeon.
You were hungry.

You visited 1 branch of the dungeon, and saw 2 of its levels.

You collected 25 gold pieces.

Inventory:

Hand Weapons
 a - a +0 quarterstaff (weapon)
Missiles
 d - 3 throwing nets (quivered)
Armour
 b - a +0 leather armour (worn)
 c - a +0 hat (worn)
Scrolls
 e - a scroll of teleportation {unknown}
 g - 2 scrolls of remove curse {unknown}
 h - a scroll of identify {unknown}
 k - a scroll of fog {unknown}
 l - a scroll of recharging {unknown}
Potions
 j - a potion of flight {unknown}
Comestibles
 f - 3 bread rations


   Skills:
 + Level 2.8 Fighting
 * Level 4.4 Staves
 + Level 2.3 Throwing
 * Level 2.3 Armour
 + Level 3.6 Dodging


You had 2 spell levels left.
You didn't know any spells.

Dungeon Overview and Level Annotations

Branches:
Dungeon (2/15)

Altars:

Annotations:
D:2 Robin


Innate Abilities, Weirdness & Mutations

You reflexively headbutt those who attack you in melee.
You have a pair of horns on your head.


Message History

The goblin barely misses you. You furiously retaliate!
You headbutt the goblin.
You kill the goblin!
The adder bites you but does no damage.
You climb upwards.
There is a stone staircase leading down here.
You closely miss the adder.
The adder is heavily wounded.
The adder bites you.
* * * LOW HITPOINT WARNING * * *
You are lethally poisoned!
The adder poisons you!
You hit the adder but do no damage. You headbutt the adder.
The adder is severely wounded.
* * * LOW HITPOINT WARNING * * *
You feel sick. The adder closely misses you. The adder completely misses you.
You hit the adder.
You kill the adder!
It was a potion of invisibility.
You fade into invisibility!
You die...

....##................#.#
....##....####+########.#
....##....####.# #.#
....##.........###### #.#
....##..............# #.#
....##..............# #.#
....'...............# #.#
....#####...........###.#
....# #.......@...รท...#
....# #...........#####
)...# #...........# ....#
#...........# '####
#...........# .#
#...........# .#
#.######'#### .# #.# #.#
.# #.# #.#


There were no monsters in sight!

Vanquished Creatures
  2 adders
  An ooze (D:1)
  2 dart slugs
  4 bats
  2 giant cockroaches (D:1)
  8 goblins
  5 hobgoblins
  6 kobolds (D:1)
  A frilled lizard (D:1)
  6 rats (D:1)
37 creatures vanquished.

Notes
Turn   | Place    | Note
-------+----------+-------------------------------------------
     0 | D:1      | tof the Minotaur Gladiator began the quest for the Orb.
     0 | D:1      | Reached XP level 1. HP: 18/18 MP: 0/0
     6 | D:1      | Noticed a salamander
     6 | D:1      | Noticed a polar bear
     7 | D:1      | Noticed a hound
     7 | D:1      | Noticed a swamp worm
   256 | D:1      | Reached skill level 1 in Armour
   326 | D:1      | Reached XP level 2. HP: 25/25 MP: 1/1
   477 | D:1      | Reached skill level 4 in Staves
   758 | D:1      | Reached XP level 3. HP: 30/30 MP: 2/2
  1059 | D:2      | Noticed Robin
  1092 | D:1      | HP: 1/30 [poisoned by an adder]
  1094 | D:1      | Succumbed to an adder's poison

Vault maps used:
D:1:      onia_arrival_zoo_common
D:2:      minitemple, first_bread, minmay_misc_feat_five, minmay_misc_feat_x,
          uniq_natasha, uniq_robin, uniq_jessica

Skill      XL: |  1  2  3 |
---------------+----------+-----
Armour         | 1 2 |  2.3
Staves         | 4 |  4.4
Fighting       | |  2.8
Throwing       | |  2.3
Dodging        | |  3.6

Action                   || total
-------------------------++-------
Melee: Quarterstaff      ||    72
       Headbutt          ||     7
  Use: Potion            ||     1
Armor: Leather armour    ||    13
Dodge: Dodged            ||    63

Table legend:
 A = Spawn XP
 B = Non-spawn XP
 C = Spawn XP percentage of total XP
 D = Spawn monster count
 E = Non-spawn monster count
 F = Spawn count percentage of total count
 G = Total turns spent on level
                    A         B        C        D         E        F      G
               +---------+---------+-------+---------+---------+-------+---------
         Total |       0 |      95 |   0.0 |       0 |      37 |   0.0 |  1094
               +---------+---------+-------+---------+---------+-------+---------
           D:1 |       0 |      65 |   0.0 |       0 |      28 |   0.0 |  1018
           D:2 |       0 |      30 |   0.0 |       0 |       9 |   0.0 |    76
               +---------+---------+-------+---------+---------+-------+---------
